 Dungeon Crawl Stone Soup version 0.25-a0-341-g6f074c887a (webtiles) character file.

Game seed: 1163910317483635480, levelgen mode: deterministic

130 Ijustatesigmund the Shield-Bearer (level 5, 0/47 HPs)
             Began as a Gnoll Fighter on Dec 30, 2019.
             Slain by a hippogriff (2 damage)
             ... on level 2 of the Dungeon.
             The game lasted 00:02:52 (1641 turns).

Ijustatesigmund the Shield-Bearer (Gnoll Fighter)   Turns: 1641, Time: 00:02:53

Health: 0/47       AC:  7    Str: 18    XL:     5   Next: 14%
Magic:  7/7        EV:  8    Int: 11    God:
Gold:   94         SH: 10    Dex: 15    Spells: 6/6 levels left

rFire    . . .     SeeInvis .   a - +0 war axe
rCold    . . .     Gourm    .   c - +0 shield
rNeg     . . .     Faith    .   b - +0 scale mail
rPois    .         Spirit   .   (no helmet)
rElec    .         Reflect  .   (no cloak)
rCorr    .         Harm     .   (no gloves)
MR       .....                  (no boots)
Stlth    ..........             (no amulet)
HPRegen  0.15/turn              (no ring)
MPRegen  0.10/turn              (no ring)

@: lightly drained
A: distributed training, fangs 1, strong nose
a: no special abilities


You were on level 2 of the Dungeon.
You were not hungry.

You visited 1 branch of the dungeon, and saw 3 of its levels.

You collected 94 gold pieces.

Inventory:

Hand Weapons
 a - a +0 war axe (weapon)
Armour
 b - a +0 scale mail (worn)
 c - a +0 shield (worn)
Scrolls
 e - 2 scrolls of teleportation
 i - a scroll of amnesia
Potions
 g - a potion of cancellation
 j - a potion of brilliance {unknown}
 k - a potion of resistance {unknown}
Comestibles
 f - 6 rations


   Skills:
 + Level 6.6(6.2) Fighting
 + Level 1.3(1.0) Short Blades
 + Level 1.3(1.0) Long Blades
 + Level 4.7(4.3) Axes
 + Level 1.3(1.0) Maces & Flails
 + Level 1.3(1.0) Polearms
 + Level 1.3(1.0) Staves
 + Level 1.3(1.0) Slings
 + Level 1.3(1.0) Bows
 + Level 1.3(1.0) Crossbows
 + Level 1.3(1.0) Throwing
 + Level 6.6(6.2) Armour
 + Level 1.3(1.0) Dodging
 + Level 1.3(1.0) Stealth
 + Level 6.6(6.2) Shields
 + Level 1.3(1.0) Unarmed Combat
 + Level 1.3(1.0) Spellcasting
 + Level 1.1(0.7) Conjurations
 + Level 1.1(0.7) Hexes
 + Level 1.1(0.7) Charms
 + Level 1.1(0.7) Summonings
 + Level 1.1(0.7) Necromancy
 + Level 1.1(0.7) Translocations
 + Level 1.1(0.7) Transmutations
 + Level 1.1(0.7) Fire Magic
 + Level 1.1(0.7) Ice Magic
 + Level 1.1(0.7) Air Magic
 + Level 1.1(0.7) Earth Magic
 + Level 1.1(0.7) Poison Magic
 + Level 1.5(1.1) Invocations
 + Level 1.3(1.0) Evocations


You had 6 spell levels left.
You didn't know any spells.
Your spell library was empty.

Dungeon Overview and Level Annotations

Branches:
Dungeon (3/15)

Altars:
Okawaru
Yredelemnul


Innate Abilities, Weirdness & Mutations

Your experience applies equally to all skills.
You have very sharp teeth.
Your uncanny sense of smell can sniff out nearby items.


Message History

You block the hippogriff's attack. The hippogriff claws you.
* * * LOW HITPOINT WARNING * * *
You hit the hippogriff.
The hippogriff is moderately wounded.
The hippogriff barely misses you. The hippogriff pecks you.
* * * LOW HITPOINT WARNING * * *
The hippogriff claws you.
* * * LOW HITPOINT WARNING * * *
You slash the hippogriff!
The hippogriff is heavily wounded.
The hippogriff bites you!
* * * LOW HITPOINT WARNING * * *
The hippogriff pecks you but does no damage.
You block the hippogriff's attack.
Your scale mail prevents you from hitting the hippogriff.
You bite the hippogriff.
The hippogriff is severely wounded.
The hippogriff bites you but does no damage.
You block the hippogriff's attack. The hippogriff claws you.
You die...

#...........#
####.##"###.#
#.##<###.#
##........#
#.......###
#.###.#.# #.#
#.#.# #########
#.# #H#.##
#........ #.#
#@...# #.#######
#.# ###..# #.#
#.# #..# #.# #
#.# #..# #.#
##### #.# #.)#
#.# #.... #.#
#..# #.###.###
#.#
#..#####..).....
#.#
#........###.###
#.# ###.#####.#
#.#


You could see a hippogriff.

Vanquished Creatures
  An ogre (D:2)
  An adder (D:2)
  A dart slug (D:1)
  3 giant cockroaches
  8 goblins
  5 hobgoblins
  5 bats
  2 frilled lizards (D:1)
  7 rats
33 creatures vanquished.

Notes
Turn   | Place    | Note
-------+----------+-------------------------------------------
     0 | D:1      | Ijustatesigmund the Gnoll Fighter began the quest for the
                  | Orb.
     0 | D:1      | Reached XP level 1. HP: 23/23 MP: 1/1
   214 | D:1      | Reached XP level 2. HP: 29/29 MP: 2/2
   608 | D:2      | Found a basalt altar of Yredelemnul.
   792 | D:2      | Reached XP level 3. HP: 33/35 MP: 3/3
   844 | D:2      | Found an iron altar of Okawaru.
   859 | D:2      | Noticed an ogre
   866 | D:2      | Killed an ogre
   866 | D:2      | Reached skill level 1 in Short Blades
   866 | D:2      | Reached skill level 1 in Long Blades
   866 | D:2      | Reached skill level 1 in Maces & Flails
   866 | D:2      | Reached skill level 1 in Polearms
   866 | D:2      | Reached skill level 1 in Staves
   866 | D:2      | Reached skill level 1 in Slings
   866 | D:2      | Reached skill level 1 in Bows
   866 | D:2      | Reached skill level 1 in Crossbows
   866 | D:2      | Reached skill level 1 in Throwing
   866 | D:2      | Reached skill level 1 in Dodging
   866 | D:2      | Reached skill level 1 in Stealth
   866 | D:2      | Reached skill level 1 in Unarmed Combat
   866 | D:2      | Reached skill level 1 in Spellcasting
   866 | D:2      | Reached skill level 1 in Conjurations
   866 | D:2      | Reached skill level 1 in Hexes
   866 | D:2      | Reached skill level 1 in Charms
   866 | D:2      | Reached skill level 1 in Summonings
   866 | D:2      | Reached skill level 1 in Necromancy
   866 | D:2      | Reached skill level 1 in Translocations
   866 | D:2      | Reached skill level 1 in Transmutations
   866 | D:2      | Reached skill level 1 in Fire Magic
   866 | D:2      | Reached skill level 1 in Ice Magic
   866 | D:2      | Reached skill level 1 in Air Magic
   866 | D:2      | Reached skill level 1 in Earth Magic
   866 | D:2      | Reached skill level 1 in Poison Magic
   866 | D:2      | Reached skill level 1 in Invocations
   866 | D:2      | Reached skill level 1 in Evocations
   866 | D:2      | Reached XP level 4. HP: 24/41 MP: 5/5
   866 | D:2      | Reached XP level 5. HP: 28/47 MP: 6/6
  1335 | D:3      | Noticed a hippogriff
  1640 | D:2      | HP: 1/47 [hippogriff (7)]
  1641 | D:2      | Slain by a hippogriff

Levels and vault maps discovered:
D:1:      evilmike_arrival_crescent, layout_loops_ring, minivault_26
D:2:      layout_loops_ring, lemuel_crystal_altar, okawaru_ov_weapons_minmay,
          first_ration
D:3:      layout_rooms, chequers_serial_rivers_small_a

Skill      XL: |  1  2  3 |
---------------+----------+-----
Short Blades   | 1 |  1.3
Long Blades    | 1 |  1.3
Maces & Flails | 1 |  1.3
Polearms       | 1 |  1.3
Staves         | 1 |  1.3
Slings         | 1 |  1.3
Bows           | 1 |  1.3
Crossbows      | 1 |  1.3
Throwing       | 1 |  1.3
Dodging        | 1 |  1.3
Stealth        | 1 |  1.3
Unarmed Combat | 1 |  1.3
Spellcasting   | 1 |  1.3
Conjurations   | 1 |  1.1
Hexes          | 1 |  1.1
Charms         | 1 |  1.1
Summonings     | 1 |  1.1
Necromancy     | 1 |  1.1
Translocations | 1 |  1.1
Transmutations | 1 |  1.1
Fire Magic     | 1 |  1.1
Ice Magic      | 1 |  1.1
Air Magic      | 1 |  1.1
Earth Magic    | 1 |  1.1
Poison Magic   | 1 |  1.1
Invocations    | 1 |  1.5
Evocations     | 1 |  1.3
Fighting       | |  6.6
Axes           | |  4.7
Armour         | |  6.6
Shields        | |  6.6

Action                   |  1- 3 |  4- 6 || total
-------------------------+-------+-------++-------
Melee: War axe           |    62 |    39 ||   101
       Bite              |     3 |     5 ||     8
  Use: Scroll            |     2 |     2 ||     4
       Potion            |       |     2 ||     2
  Eat: Chunk             |       |     2 ||     2
Armor: Scale mail        |    22 |    27 ||    49
Dodge: Dodged            |    16 |    15 ||    31
Block: Shield            |    35 |    38 ||    73

Table legend:
 A = Non-vault XP
 B = Vault XP
 C = Vault XP percentage of total XP
 D = Non-vault monster count
 E = Vault monster count
 F = Vault count percentage of total count
                 A         B        C        D         E       F
            +---------+---------+-------+---------+---------+-------
      Total |     187 |       0 |   0.0 |      33 |       0 |   0.0
            +---------+---------+-------+---------+---------+-------
        D:1 |      26 |       0 |   0.0 |      17 |       0 |   0.0
        D:2 |     150 |       0 |   0.0 |      10 |       0 |   0.0
        D:3 |      11 |       0 |   0.0 |       6 |       0 |   0.0
            +---------+---------+-------+---------+---------+-------
